 Dungeon Crawl Stone Soup version 0.31-a0-188-g5e087ee2ca (webtiles) character file.

Game seed: 268008552395979833

129 qw the Skirmisher (level 4, -4/25 HPs)
             Began as a Deep Elf Hunter on June 22, 2023.
             Slain by a gnoll
             ... wielding a +0 spear
              (6 damage)
             ... on level 4 of the Dungeon.
             The game lasted 00:01:06 (2852 turns).

qw the Skirmisher (Deep Elf Hunter)                 Turns: 2852, Time: 00:01:07

Health: -4/25      AC:  9    Str: 10    XL:     4   Next: 88%
Magic:  6/6        EV: 11    Int: 14    God:
Gold:   314        SH:  0    Dex: 18    Spells: 3/3 levels left

rFire   . . .        Y - +0 shortbow (flame)
rCold   . . .        (shield currently unavailable)
rNeg    . . .        e - +0 ring mail
rPois   .            i - +2 hat
rElec   .            b - +0 cloak
rCorr   .            a - +0 pair of gloves
SInv    +            (no boots)
Will    .....        (no amulet)
Stlth   +            h - ring of see invisible
HPRegen 0.24/turn    (no ring)
MPRegen 0.10/turn

%: no passive effects
@: no status effects
A: no striking features
a: no special abilities


You were on level 4 of the Dungeon.
You visited 1 branch of the dungeon, and saw 4 of its levels.

You collected 314 gold pieces.


   Skills:
 - Level 1.5 Fighting
 + Level 8.3 Ranged Weapons
 - Level 2.4 Dodging
 - Level 1.2 Stealth


You had 3 spell levels left.
You didn't know any spells.
Your spell library was empty.

Inventory:

Hand Weapons
 Y - a +0 shortbow of flaming (weapon)
Armour
 a - a +0 pair of gloves (worn)
 b - a +0 cloak (worn)
 e - a +0 ring mail (worn)
 i - a +2 hat (worn)
Jewellery
 h - a ring of see invisible (left hand)
Potions
 c - a potion of berserk rage {unknown}
 d - a potion of heal wounds {unknown}
 f - a potion of curing
 g - a potion of invisibility {unknown}

Dungeon Overview and Level Annotations

Branches:
Dungeon (4/15)
 Temple: D:4-7

Altars:
Cheibriados
Nemelex Xobeh
Vehumet

Shops:
D:3 (


Message History

2814 ||| FLEEEEING.
2815 ||| FLEEEEING.
2816 ||| FLEEEEING.
There is a stone staircase leading up here.
2817 ||| STAIRDANCE You climb upwards.
There is a stone staircase leading down here.
You start resting.
HP restored.
Done exploring.
(D) Dungeon
Where to? (* - list waypoints, Enter - D:4, ? - help)
What level of the Dungeon? (default 1, ? - help)
You climb downwards.
The gnoll hits you but does no damage.
The orc priest looks encouraged for a moment.
The gnoll barely misses you.
There is a stone staircase leading up here.
You shoot an arrow. The arrow hits the gnoll.
The arrow burns the gnoll.
The gnoll is severely wounded.
The gnoll hits you but does no damage.
You shoot an arrow. The arrow hits the gnoll!
The arrow burns the gnoll.
You kill the gnoll!
The gnoll hits you but does no damage.
The orc priest looks braver for a moment.
You shoot an arrow.
The arrow hits the gnoll but does no damage.
An orc comes into view. It is wielding a +0 whip.
You shoot an arrow. The arrow barely misses the gnoll.
The orc barely misses you. The gnoll hits you but does no damage.
The gnoll hits you from afar with a +0 spear.
You shoot an arrow. The arrow barely misses the gnoll.
The orc misses you. The gnoll hits you with a +0 club.
The gnoll hits you from afar with a +0 spear!
The orc priest invokes the aid of Beogh against you.
Beogh smites you!
Ouch! That really hurt!
2852 ||| STAIRDANCE The orc hits you but does no damage.
The gnoll closely misses you.
The gnoll hits you from afar with a +0 spear.
You die...

###############.#####.#
###.................#
.......##########.#.#
.......'.......#..#.#
.......#######.#..#.#
.......#######.#..#.#
....).[........#..#.#
#######........#..#.###
#........#@g#...#
#........#.o###.#
#........#gg..#.#
#######....._..##.#.#.#
.................o..#.#
....#.........###o###.#
......#+#.....+....##.#
...... #.....###..##.#
......#+#...### #..##.#


You could see an orc priest, 3 gnolls and 2 orcs.

Vanquished Creatures
  A gnoll (D:4)
  An adder (D:2)
  A worm (D:2)
  4 dart slugs (D:1)
  An orc (D:4)
  3 endoplasms
  18 giant cockroaches
  7 goblins
  9 hobgoblins
  5 jackals
  A kobold (D:2)
  7 quokkas
  7 ball pythons
  8 bats
  4 frilled lizards
  8 rats
85 creatures vanquished.

Notes
Turn   | Place    | Note
-------+----------+-------------------------------------------
     0 | D:1      | qw the Deep Elf Hunter began the quest for the Orb.
     0 | D:1      | Reached XP level 1. HP: 12/12 MP: 3/3
     0 | D:1      | 0 ||| qw: Version: 0.3-a-9-g12657ce
     0 | D:1      | 0 ||| qw: Game counter: 3052
     0 | D:1      | 0 ||| qw: Always use a shield: true
     0 | D:1      | 0 ||| qw: God list: Okawaru
     0 | D:1      | 0 ||| qw: Allow faded altars: false
     0 | D:1      | 0 ||| qw: Do Orc after D:15 true
     0 | D:1      | 0 ||| qw: Do second Lair branch before Depths: true
     0 | D:1      | 0 ||| qw: Lair rune preference: random
     0 | D:1      | 0 ||| qw: Plans: Normal
     0 | D:1      | 0 ||| PLANNING D:1-11
    83 | D:1      | Reached skill level 6 in Ranged Weapons
    83 | D:1      | Reached XP level 2. HP: 16/16 MP: 4/4
   325 | D:1      | Reached XP level 3. HP: 20/20 MP: 5/5
   331 | D:1      | 331 ||| FLEEEEING.
   333 | D:1      | 333 ||| FLEEEEING.
   334 | D:1      | 334 ||| FLEEEEING.
   335 | D:1      | 335 ||| FLEEEEING.
   336 | D:1      | 336 ||| FLEEEEING.
   337 | D:1      | 337 ||| FLEEEEING.
   834 | D:1      | Reached skill level 7 in Ranged Weapons
   961 | D:1      | 961 ||| UPGRADING to +0 ring mail.
   971 | D:1      | 971 ||| DROPPING +0 leather armour.
   972 | D:1      | 972 ||| UPGRADING to +0 helmet.
   977 | D:1      | 977 ||| UPGRADING to ring of see invisible.
   978 | D:1      | 978 ||| READING scroll labelled WOESAG WULL.
   979 | D:1      | 979 ||| DROPPING scroll of butterflies.
  1432 | D:2      | Reached XP level 4. HP: 24/25 MP: 6/6
  1820 | D:2      | 1820 ||| UPGRADING to +0 cloak.
  1825 | D:2      | 1825 ||| READING scroll labelled PAF ODDOSAI.
  1826 | D:2      | 1826 ||| DRINKING 2 grey potions.
  1827 | D:2      | 1827 ||| DRINKING 2 black potions.
  1828 | D:2      | 1828 ||| DROPPING potion of brilliance.
  2227 | D:3      | Reached skill level 8 in Ranged Weapons
  2233 | D:3      | Found a radiant altar of Vehumet.
  2234 | D:3      | Found a sparkling altar of Nemelex Xobeh.
  2462 | D:3      | Found Xuit's Weapon Emporium.
  2650 | D:3      | 2650 ||| UPGRADING to +0 pair of gloves.
  2655 | D:3      | 2655 ||| UPGRADING to +2 hat.
  2665 | D:3      | 2665 ||| DROPPING +0 helmet.
  2687 | D:4      | Found a snail-covered altar of Cheibriados.
  2699 | D:4      | Identified the +1 dagger of Might {venom, rF+ SInv}
  2794 | D:4      | 2794 ||| Stepping ~*~*~tactically~*~*~ (outnumbered).
  2796 | D:4      | 2796 ||| FLEEEEING.
  2798 | D:4      | 2798 ||| FLEEEEING.
  2799 | D:4      | 2799 ||| FLEEEEING.
  2800 | D:4      | 2800 ||| FLEEEEING.
  2801 | D:4      | 2801 ||| FLEEEEING.
  2802 | D:4      | 2802 ||| FLEEEEING.
  2803 | D:4      | 2803 ||| FLEEEEING.
  2804 | D:4      | 2804 ||| FLEEEEING.
  2805 | D:4      | 2805 ||| FLEEEEING.
  2806 | D:4      | 2806 ||| FLEEEEING.
  2807 | D:4      | 2807 ||| FLEEEEING.
  2809 | D:4      | 2809 ||| FLEEEEING.
  2810 | D:4      | 2810 ||| FLEEEEING.
  2811 | D:4      | 2811 ||| FLEEEEING.
  2812 | D:4      | 2812 ||| FLEEEEING.
  2813 | D:4      | 2813 ||| FLEEEEING.
  2814 | D:4      | 2814 ||| FLEEEEING.
  2815 | D:4      | 2815 ||| FLEEEEING.
  2816 | D:4      | 2816 ||| FLEEEEING.
  2817 | D:4      | 2817 ||| STAIRDANCE
  2851 | D:4      | HP: 2/25 [orc priest/divine providence (13)]
  2852 | D:4      | 2852 ||| STAIRDANCE
  2852 | D:4      | Slain by a gnoll

Levels and vault maps discovered:
D:1:      evilmike_arrival_home_sweet_home, layout_basic
D:2:      minmay_roachtagon, layout_basic, grunt_decor_clamped
D:3:      layout_loops_corners, mainiacjoe_overflow_large_starburst,
          serial_shops, shop
D:4:      layout_basic, kennysheep_mini_moat, overflow_temple_1_default,
          bloody_makhleb, uniq_edmund

Skill      XL: |  1  2  3  4 |
---------------+-------------+-----
Ranged Weapons | 6 7 8 |  8.3
Fighting       | |  1.5
Dodging        | |  2.4
Stealth        | |  1.2

Action                     |  1- 3 |  4- 6 || total
---------------------------+-------+-------++-------
   Fire: Shortbow          |   129 |   109 ||   238
    Use: Scroll            |     1 |     1 ||     2
         Potion            |       |     2 ||     2
 Armour: Leather armour    |     3 |       ||     3
         Ring mail         |     1 |    33 ||    34
  Dodge: Dodged            |    18 |    55 ||    73

Table legend:
 A = Non-vault XP
 B = Vault XP
 C = Vault XP percentage of total XP
 D = Non-vault monster count
 E = Vault monster count
 F = Vault count percentage of total count
                 A         B        C        D         E       F
            +---------+---------+-------+---------+---------+-------
      Total |     161 |      24 |  13.0 |      73 |      12 |  14.1
            +---------+---------+-------+---------+---------+-------
        D:1 |      66 |       0 |   0.0 |      34 |       0 |   0.0
        D:2 |      42 |      24 |  36.4 |      15 |      12 |  44.4
        D:3 |      31 |       0 |   0.0 |      19 |       0 |   0.0
        D:4 |      22 |       0 |   0.0 |       5 |       0 |   0.0
            +---------+---------+-------+---------+---------+-------
